 Dungeon Crawl Stone Soup version 0.26.1-11-gd32895ea62 (webtiles) character file.

Game seed: 7540131740787446140

104 H0rd4k the Insei (level 4, -13/28 HPs)
             Began as an Octopode Transmuter on May 4, 2021.
             Killed from afar by an orc (16 damage)
             ... with an iceblast
             ... on level 3 of the Dungeon.
             The game lasted 00:01:47 (2679 turns).

H0rd4k the Insei (Octopode Transmuter)              Turns: 2679, Time: 00:01:47

Health: -13/28     AC:  1    Str:  9    XL:     4   Next: 80%
Magic:  7/7        EV: 13    Int: 16    God:
Gold:   120        SH:  0    Dex: 12    Spells: 4/8 levels left

rFire    . . .     SeeInvis .     - Unarmed
rCold    . . .     Faith    .   (no shield)
rNeg     . . .     Spirit   .   (helmet restricted)
rPois    .         Reflect  .   (no amulet)
rElec    .         Harm     .   (no ring)
rCorr    .         Rampage  .   (no ring)
Will     .....                  (no ring)
Stlth    +++.......             (no ring)
HPRegen  0.09/turn              (no ring)
MPRegen  0.10/turn              (no ring)
                                (no ring)
                                (no ring)

@: no status effects
A: almost no armour, stealthy swim, amphibious, 8 rings, constrict 8, camouflage
1, gelatinous body 1
a: no special abilities


You were on level 3 of the Dungeon.
You visited 1 branch of the dungeon, and saw 3 of its levels.

You collected 120 gold pieces.

Inventory:

Jewellery
 m - an uncursed ring of poison resistance
Scrolls
 a - 3 scrolls of identify {unknown}
 b - 2 scrolls of remove curse {unknown}
 e - 4 scrolls of fog {unknown}
 f - a scroll of random uselessness {unknown}
 g - a scroll of amnesia {unknown}
 i - 2 scrolls of enchant weapon {unknown}
 j - 4 scrolls of teleportation {unknown}
Potions
 c - a potion of brilliance {unknown}
 d - 3 potions of curing {unknown}
 h - 2 potions of heal wounds {unknown}
 k - a potion of degeneration {unknown}
 l - a potion of haste {unknown}


   Skills:
 + Level 1.0 Fighting
 + Level 2.4 Dodging
 + Level 1.1 Stealth
 + Level 4.1 Unarmed Combat
 * Level 2.5 Spellcasting
 * Level 2.5 Transmutations
 + Level 1.0 Poison Magic


You had 4 spell levels left.
You knew the following spells:

 Your Spells              Type           Power        Failure   Level
a - Beastly Appendage     Tmut           20%          7%          1
b - Spider Form           Tmut/Pois      3%           28%         3

Your spell library contained the following spells:

 Spells                   Type           Power        Failure   Level
 Wereblood                Tmut           10%          11%         2
 Ice Form                 Ice/Tmut       6%           75%         4
 Blade Hands              Tmut           5%           89%         5


Dungeon Overview and Level Annotations

Branches:
Dungeon (3/15)

Altars:
Trog
Uskayaw


Innate Abilities, Weirdness & Mutations

You cannot wear most types of armour.
You are very stealthy in the water. (Stealth+)
You are amphibious.
You can wear up to eight rings at the same time.
You can use your tentacles to constrict eight enemies at once.
Your skin changes colour to match your surroundings (Stealth+).
Your rubbery body absorbs attacks. (AC +1, EV +1)


Message History

You see here a scroll labelled FUEDDO BUVOUFY.
Things that are here:
a +0 club; a hobgoblin corpse An orc comes into view.
It is wielding a +0 dagger.
The orc zaps a wand.
The mass of ice explodes!
The iceblast engulfs you!
* * * LOW HITPOINT WARNING * * *
You hear a shout!
You hear an angry hiss.
You hear a shout!
You hear an angry hiss.
There is a stone staircase leading up here.
Unknown command.
There is a stone staircase leading up here.
You tentacle-slap the orc. Your grab misses the orc.
The orc is severely wounded.
The orc barely misses you.
You closely miss the orc. You grab the orc.
The orc is severely wounded.
You constrict the orc.
The orc zaps a wand.
The mass of ice explodes!
The iceblast engulfs you!
Ouch! That really hurt!
You die...

#############
##.....#.....##
##.....(.......##
#...............#
#...............#
#...............#
#.....<.........#
#...............#
###@.†............#
###.o..............##
##...........#.....##
####
##...################
....##...##
........##
........########
................
.$(.###....####


You could see an orc.

Vanquished Creatures
  2 adders (D:2)
  3 worms (D:2)
  5 dart slugs
  2 orcs (D:3)
  3 giant cockroaches (D:1)
  14 goblins
  14 hobgoblins
  3 jackals (D:3)
  2 quokkas (D:2)
  3 bats (D:1)
  A frilled lizard (D:1)
  5 kobolds
  4 rats
61 creatures vanquished.

Notes
Turn   | Place    | Note
-------+----------+-------------------------------------------
     0 | D:1      | H0rd4k the Octopode Transmuter began the quest for the Orb.
     0 | D:1      | Reached XP level 1. HP: 13/13 MP: 3/3
   220 | D:1      | Reached XP level 2. HP: 16/18 MP: 5/5
   608 | D:1      | Reached XP level 3. HP: 18/23 MP: 6/6
   916 | D:1      | Learned a level 3 spell: Spider Form
  1597 | D:2      | Reached skill level 1 in Poison Magic
  1683 | D:2      | Reached XP level 4. HP: 22/28 MP: 7/7
  1795 | D:2      | Found a hide-covered altar of Uskayaw.
  2050 | D:2      | Reached skill level 1 in Stealth
  2050 | D:2      | Reached skill level 4 in Unarmed Combat
  2122 | D:2      | Found a bloodstained altar of Trog.
  2679 | D:3      | Killed from afar by an orc

Illustrated notes

Levels and vault maps discovered:
D:1:      dpeg_arrival_arbitrary_b, layout_basic, minmay_misc_feat_five
D:2:      cheibrodos_greedy_goblins, layout_rooms,
          eat_drink_and_be_merry_uskayaw, bloody_trog
D:3:      layout_rooms, general_overflow_altar, makhleb_grotto_becter

Skill      XL: |  1  2  3  4 |
---------------+-------------+-----
Poison Magic   | 1 |  1.0
Stealth        | 1 |  1.1
Unarmed Combat | 4 |  4.1
Fighting       | |  1.0
Dodging        | |  2.4
Spellcasting   | |  2.5
Transmutations | |  2.5

Action                   |  1- 3 |  4- 6 || total
-------------------------+-------+-------++-------
Melee: Unarmed           |    85 |    68 ||   153
       Constrict         |    29 |    19 ||    48
       Tentacles         |    15 |     6 ||    21
       Punch             |     3 |     4 ||     7
 Stab: Sleeping          |     5 |     1 ||     6
Armor: Skin              |     5 |     5 ||    10
Dodge: Dodged            |    30 |    37 ||    67
